 Dungeon Crawl Stone Soup version 0.20.1-1-g8b1a95d (webtiles) character file.

2678 Gremour the Carver (level 9, -1/45 HPs)
             Began as a Gargoyle Fighter on Nov 20, 2017.
             Was a Follower of Qazlal.
             Slain by a six-headed hydra (7 damage)
             ... on level 11 of the Dungeon.
             The game lasted 00:41:10 (8082 turns).

Gremour the Carver (Gargoyle Fighter)               Turns: 8082, Time: 00:41:10

Health: -1/45      AC: 16    Str: 19    XL:     9   Next: 64%
Magic:  9/9        EV:  9    Int: 10    God:    Qazlal [*.....]
Gold:   384        SH:  9    Dex: 12    Spells: 8/8 levels left

rFire    . . .     SeeInvis .   a - +0 scimitar
rCold    . . .     Gourm    .   B - +3 buckler
rNeg     + . .     Faith    .   b - +0 scale mail
rPois    ∞         Spirit   .   H - +0 helmet
rElec    +         Reflect  .   g - +0 cloak
rCorr    .         Harm     .   (no gloves)
MR       .....                  I - +0 pair of boots
Stlth    ..........             (no amulet)
Regen    0.2/turn               (no ring)
MPRegen  0.2/turn               (no ring)

@: flying
A: frail 1, negative energy resistance 1, electricity resistance, unbreathing,
petrification resistance, rot immunity, AC +5
a: Renounce Religion


You were on level 11 of the Dungeon.
You worshipped Qazlal.
Qazlal was aware of your devotion.
You were not hungry.

You visited 2 branches of the dungeon, and saw 10 of its levels.

You collected 384 gold pieces.

Inventory:

Hand Weapons
 a - a +0 scimitar (weapon)
 s - a +0 spear of flaming
 A - a +2 flail of crushing
Missiles
 y - 3 tomahawks (quivered)
Armour
 b - a +0 scale mail (worn)
 c - a +0 shield
 g - a +0 cloak (worn)
 B - a +3 buckler (worn)
 H - a +0 helmet (worn)
 I - a +0 pair of boots (worn)
Magical Staves
 w - an uncursed staff of wizardry
Jewellery
 m - an uncursed ring of fire
Wands
 r - a wand of digging (11/24)
 t - a wand of confusion (6/48)
 u - a wand of acid (15/15)
Scrolls
 k - 2 scrolls of remove curse
 p - 3 scrolls of recharging
 F - a scroll of enchant armour
Potions
 e - 2 potions of brilliance
 j - 2 potions of curing
 v - 2 potions of degeneration {unknown}
 E - a potion of agility {unknown}
 G - 2 potions of resistance {unknown}
 J - a potion of magic {unknown}
 L - 2 potions of cancellation
Books
 x - a book of Enchantments

   Spells                             Type                      Level
   a - Cause Fear                     Hexes                        4
   b - Yara's Violent Unravelling     Hexes/Transmutation          5
   c - Silence                        Hexes/Air                    5
   d - Deflect Missiles               Charms/Air                   6
   e - Discord                        Hexes                        8
Comestibles
 f - 6 bread rations
 h - 3 royal jellies
 n - 10 chunks of flesh
 o - 4 fruits
 z - 3 meat rations


   Skills:
 - Level 3.2 Fighting
 * Level 10.8 Long Blades
 * Level 5.1 Armour
 - Level 5.3 Shields
 + Level 0.1 Evocations


You had 8 spell levels left.
You didn't know any spells.

Dungeon Overview and Level Annotations

Branches:
Dungeon (11/15)            Temple (1/1) D:7
   Lair: D:8-11         Orc: D:9-12

Altars:
Ashenzari
Cheibriados
Dithmenos
Elyvilon
Fedhas
Hepliaklqana
Kikubaaqudgha
Makhleb
Nemelex Xobeh
Qazlal
Ru
Sif Muna
Trog
Uskayaw
Vehumet
Xom
Zin
The Shining One


Innate Abilities, Weirdness & Mutations

You are resistant to torment.
Your stone body is resilient. (AC +5)
You are immune to poison.
You resist negative energy. (rN+)
You are resistant to electric shocks. (rElec)
You can survive without breathing.
You are immune to petrification.
You are immune to rotting.
You are frail. (-10% HP)


Message History

You hit the six-headed hydra.
The six-headed hydra is moderately wounded.
You block the six-headed hydra's attack.
The six-headed hydra bites you but does no damage.
You block the six-headed hydra's attack.
The six-headed hydra bites you but does no damage.
The six-headed hydra bites you.
* * * LOW HITPOINT WARNING * * *
Unknown command.
Found 9 gold pieces.
You see here a potion of curing.
j - 2 potions of curing (gained 1)
The six-headed hydra bites you.
* * * LOW HITPOINT WARNING * * *
The six-headed hydra bites you but does no damage.
The six-headed hydra bites you.
* * * LOW HITPOINT WARNING * * *
You block the six-headed hydra's attack.
The six-headed hydra bites you!
You die...

###### .....
#...# #...#
#...# #..#
#...# #..#
#..@# #..#
#..D# #..#
#...# .
#..###...###..
#.............#
#.............#
#.....$.####..#
#.####..# .#
#.# #..# $


You could see a six-headed hydra.

Vanquished Creatures
  A hornet (D:6)
  A wraith (D:10)
  Menkaure (D:6)
  Duvessa (D:4)
  A black bear (D:4)
  2 phantoms (D:6)
  A sky beast (D:6)
  A necrophage (D:6)
  3 ogres
  The ghost of Fingolfin the Changer, an amateur DgTm (D:3)
  Blork the orc (D:4)
  2 bullfrogs
  Dowan (D:4)
  A scorpion (D:7)
  3 killer bees
  2 crimson imps
  A centaur zombie (D:7)
  4 orc priests
  2 hounds (D:5)
  A jelly (D:5)
  Crazy Yiuf (D:6)
  2 orc wizards
  A centaur skeleton (D:4)
  5 worker ants
  A hound zombie (D:5)
  A hound skeleton (D:4)
  A worker ant zombie (D:6)
  8 adders
  10 gnolls
  A shadow imp (D:7)
  3 oozes (D:2)
  2 adder skeletons
  3 worms
  2 dart slugs
  2 leopard geckos
  26 orcs
  9 bats
  3 giant cockroaches (D:2)
  10 goblins
  7 hobgoblins
  8 jackals
  9 kobolds
  3 quokkas
  A ball python (D:2)
  3 frilled lizards
  A jackal skeleton (D:4)
  A leopard gecko skeleton (D:4)
  2 quokka skeletons
  A quokka zombie (D:6)
  9 rats
167 creatures vanquished.

Notes
Turn   | Place    | Note
-------+----------+-------------------------------------------
     0 | D:1      | Gremour the Gargoyle Fighter began the quest for the Orb.
     0 | D:1      | Reached XP level 1. HP: 14/14 MP: 1/1
    35 | D:1      | Reached skill level 2 in Long Blades
   289 | D:1      | Reached XP level 2. HP: 18/19 MP: 2/2
   877 | D:2      | Reached skill level 3 in Long Blades
   883 | D:2      | Reached XP level 3. HP: 20/23 MP: 3/3
  1499 | D:2      | Found a radiant altar of Vehumet.
  1523 | D:2      | Reached XP level 4. HP: 28/28 MP: 4/4
  1769 | D:2      | Reached skill level 4 in Long Blades
  1773 | D:2      | Found a faded altar of an unknown god.
  2234 | D:3      | Reached XP level 5. HP: 32/32 MP: 5/5
  2267 | D:3      | Noticed Fingolfin's ghost (amateur DgTm)
  2294 | D:3      | Killed Fingolfin's ghost
  2294 | D:3      | Reached skill level 5 in Long Blades
  2725 | D:3      | Reached XP level 6. HP: 36/37 MP: 6/6
  3321 | D:4      | Reached skill level 6 in Long Blades
  3631 | D:4      | Noticed Dowan
  3632 | D:4      | Noticed Duvessa
  3658 | D:4      | Killed Duvessa
  3658 | D:4      | Reached XP level 7. HP: 28/41 MP: 7/7
  3675 | D:4      | Killed Dowan
  3675 | D:4      | Reached skill level 7 in Long Blades
  3870 | D:4      | Found a blossoming altar of Fedhas.
  3989 | D:4      | Noticed Blork the orc
  4012 | D:4      | Killed Blork the orc
  4302 | D:4      | Reached skill level 8 in Long Blades
  4799 | D:5      | Entered Level 5 of the Dungeon
  4813 | D:5      | Reached XP level 8. HP: 46/46 MP: 8/8
  5641 | D:6      | Reached skill level 9 in Long Blades
  5667 | D:6      | Noticed Menkaure
  5676 | D:6      | Killed Menkaure
  5694 | D:6      | Found a sacrificial altar of Ru.
  5806 | D:6      | Gained mutation: You are frail. (-10% HP) [mutagenic meat]
  6005 | D:6      | Found a runed door.
  6011 | D:6      | Noticed Crazy Yiuf
  6019 | D:6      | Killed Crazy Yiuf
  6194 | D:6      | Reached skill level 10 in Long Blades
  6194 | D:6      | Reached XP level 9. HP: 45/45 MP: 9/9
  6369 | D:7      | Found a staircase to the Ecumenical Temple.
  6407 | Temple   | Entered the Ecumenical Temple
  6514 | Temple   | Became a worshipper of Qazlal Stormbringer
  6616 | D:7      | Noticed a hornet
  6897 | D:6      | Reached skill level 5 in Shields
  6937 | D:6      | Killed a hornet
  7702 | D:7      | Reached * piety under Qazlal
  7998 | D:7      | You fall through a shaft for 3 floors!
  7998 | D:10     | Entered Level 10 of the Dungeon
  7998 | D:10     | Found a shimmering altar of Xom.
  8021 | D:10     | Reached skill level 5 in Armour
  8027 | D:10     | Noticed an elephant
  8038 | D:11     | Noticed a six-headed hydra
  8076 | D:11     | HP: 2/45 [six-headed hydra (8)]
  8082 | D:11     | Slain by a six-headed hydra

Skill      XL: |  1  2  3  4  5  6  7  8  9 |
---------------+----------------------------+-----
Long Blades    | 2 3 4 5 6 8 10 | 10.8
Shields        | 4 5 |  5.3
Armour         | 5 |  5.1
Fighting       | |  3.2
Evocations     | |  0.1

Action                   |  1- 3 |  4- 6 |  7- 9 || total
-------------------------+-------+-------+-------++-------
Melee: Long sword        |   110 |   186 |   520 ||   816
       Scimitar          |       |       |    55 ||    55
Evoke: Wand              |       |       |    10 ||    10
  Use: Potion            |       |     4 |    15 ||    19
       Scroll            |       |       |    13 ||    13
  Eat: Chunk             |     2 |     7 |     9 ||    18
       Meat ration       |       |       |     1 ||     1
       Fruit             |       |       |     3 ||     3
Armor: Scale mail        |    46 |    76 |   279 ||   401
       Skin              |       |     9 |    34 ||    43
Dodge: Dodged            |    31 |    32 |   180 ||   243
Block: Shield            |    58 |    84 |    66 ||   208
       Buckler           |       |       |   154 ||   154
       Rpst.: Long sword |     4 |    13 |    50 ||    67
       Scimitar          |       |       |     7 ||     7
